 Dungeon Crawl Stone Soup version 0.26.1-2-gb8aa6d0cf2 (webtiles) character file.

Game seed: 13182831382933171613

198 Gadfly the Skirmisher (level 5, -3/33 HPs)
             Began as a Gargoyle Fighter on Feb 17, 2021.
             Was an Initiate of Elyvilon.
             Slain by an ogre
             ... wielding a +0 giant spiked club
              (8 damage)
             ... on level 3 of the Dungeon.
             The game lasted 00:05:55 (2568 turns).

Gadfly the Skirmisher (Gargoyle Fighter)            Turns: 2568, Time: 00:05:56

Health: -3/33      AC: 14    Str: 21    XL:     5   Next: 76%
Magic:  6/6        EV:  5    Int:  8    God:    Elyvilon [......]
Gold:   196        SH: 10    Dex:  9    Spells: 4/4 levels left

rFire    . . .     SeeInvis .   b - +0 dagger (elec)
rCold    . . .     Faith    .   c - +1 kite shield
rNeg     + . .     Spirit   .   q - +0 chain mail
rPois    ∞         Reflect  .   (no helmet)
rElec    +         Harm     .   (no cloak)
rCorr    .         Rampage  .   e - +0 pair of gloves
Will     .....                  (no boots)
Stlth    ..........             (no amulet)
HPRegen  0.11/turn              (no ring)
MPRegen  0.10/turn              (no ring)

@: no status effects
A: negative energy resistance 1, electricity resistance, unbreathing,
petrification resistance, miasma immunity, AC +4
a: Renounce Religion


You were on level 3 of the Dungeon.
You worshipped Elyvilon.
Elyvilon was noncommittal.
You visited 1 branch of the dungeon, and saw 3 of its levels.

You collected 205 gold pieces.
You donated 9 gold pieces to Zin.

Inventory:

Hand Weapons
 a - a +1 flail
 b - a +0 dagger of electrocution (weapon)
Armour
 c - a +1 kite shield (worn)
 e - a +0 pair of gloves (worn)
 q - a +0 chain mail (worn)
Wands
 n - a wand of acid (6)
Scrolls
 f - 3 scrolls of remove curse
 h - a scroll of fog
Potions
 d - 2 potions of might
 g - a potion of haste
 i - a potion of flight {unknown}
 j - a potion of degeneration {unknown}
 k - a potion of lignification
 l - a potion of heal wounds {unknown}
 m - 2 potions of attraction {unknown}
 o - a potion of resistance {unknown}
 p - 2 potions of mutation {unknown}


   Skills:
 + Level 3.9 Fighting
 * Level 3.2 Maces & Flails
 + Level 3.8 Armour
 + Level 3.8 Shields
 * Level 2.4 Invocations
 * Level 1.9 Evocations


You had 4 spell levels left.
You didn't know any spells.
Your spell library was empty.

Dungeon Overview and Level Annotations

Branches:
Dungeon (3/15)

Altars:
Elyvilon
Makhleb
Uskayaw
Wu Jian
Xom
Zin

Annotations:
D:2 2 transporters


Innate Abilities, Weirdness & Mutations

You are resistant to torment.
Your stone body is resilient. (AC +4)
You are immune to poison.
You resist negative energy. (rN+)
You are resistant to electric shocks. (rElec)
You can survive without breathing.
You are immune to petrification.
You are immune to miasma.


Message History

You are too injured to fight recklessly!
You are too injured to fight recklessly!
You are too injured to fight recklessly!
You are too injured to fight recklessly!
You are too injured to fight recklessly!
Unknown command.
You hit the ogre but do no damage.
The ogre is lightly wounded.
The ogre hits you with a +0 giant spiked club!!
Elyvilon protects you from harm!
You hit the ogre.
The ogre is lightly wounded.
You hit the ogre.
The ogre is moderately wounded.
The ogre hits you with a +0 giant spiked club!
* * * LOW HITPOINT WARNING * * *
You hit the ogre but do no damage. Lightning courses through the ogre!
The ogre is severely wounded.
The ogre hits you with a +0 giant spiked club!
You die...

#.#.........# #.
#.#......†.## #.
#.#####.###.###.## #.
............##...# #.
#.##.##.######...# #. . #
#.# #...# #. ...
#.######...##### #.
.##..#.##.....).....###.
........@Or....†......†..
........##...........####
.##.#.########...##### #
#. #...# ## .. #...# #.
.# #...# #. #. #...# #.
..... #. #.


You could see an ogre and a rat.

Vanquished Creatures
  An ogre (D:2)
  2 adders (D:2)
  A worm (D:2)
  3 dart slugs (D:1)
  4 leopard geckos (D:2)
  An orc (D:3)
  12 bats
  5 giant cockroaches
  11 goblins
  13 hobgoblins
  3 jackals (D:1)
  10 kobolds
  A quokka (D:3)
  4 frilled lizards
  5 rats
76 creatures vanquished.

Notes
Turn   | Place    | Note
-------+----------+-------------------------------------------
     0 | D:1      | Gadfly the Gargoyle Fighter began the quest for the Orb.
     0 | D:1      | Reached XP level 1. HP: 14/14 MP: 1/1
    85 | D:1      | Reached XP level 2. HP: 17/19 MP: 2/2
   338 | D:1      | Reached skill level 1 in Invocations
   346 | D:1      | Reached XP level 3. HP: 19/23 MP: 3/3
   519 | D:1      | Reached skill level 1 in Evocations
  1017 | D:2      | Found a transporter.
  1028 | D:2      | Found a burning altar of Makhleb.
  1067 | D:2      | Found an ornate altar of the Wu Jian Council.
  1208 | D:2      | Found a transporter.
  1261 | D:2      | Reached XP level 4. HP: 28/28 MP: 5/5
  1416 | D:2      | Noticed an angel
  1417 | D:2      | Found a glowing silver altar of Zin.
  1417 | D:2      | Found a shimmering altar of Xom.
  1440 | D:2      | Became a worshipper of Zin the Law-Giver
  1759 | D:2      | Found a white marble altar of Elyvilon.
  1835 | D:2      | Fell from the grace of Zin
  1835 | D:2      | Became a worshipper of Elyvilon the Healer
  2019 | D:2      | Noticed an ogre
  2024 | D:2      | Killed an ogre
  2025 | D:2      | Reached XP level 5. HP: 15/33 MP: 6/6
  2373 | D:3      | Found a hide-covered altar of Uskayaw.
  2562 | D:3      | Noticed an ogre
  2565 | D:3      | Elyvilon protects you from harm!
  2568 | D:3      | Slain by an ogre

Illustrated notes

Levels and vault maps discovered:
D:1:      lightli_arrival_windingriver, layout_basic, serial_bayou_pond_a,
          chequers_serial_rivers_marsh, roderic_st_hans_cross,
          minmay_pentomino_q2
D:2:      minmay_chambers_of_twos, layout_loops_corners,
          grunt_temple_overflow_order_and_chaos_1, bloody_makhleb,
          gammafunk_temple_overflow_arena, elyvilon_altar_4
D:3:      layout_loops_cross, eat_drink_and_be_merry_uskayaw,
          nemelex_xobeh_ov_fountains_minmay, yredelemnul_altar_generic,
          cheibriados_altar_1

Skill      XL: |  1  2  3  4 |
---------------+-------------+-----
Invocations    | 1 2 |  2.4
Evocations     | 1 |  1.9
Maces & Flails | 3 |  3.2
Fighting       | |  3.9
Armour         | |  3.8
Shields        | |  3.8

Action                   |  1- 3 |  4- 6 || total
-------------------------+-------+-------++-------
Melee: Flail             |   111 |     2 ||   113
       Short sword       |     6 |    36 ||    42
       Dagger            |       |    74 ||    74
  Use: Scroll            |     3 |     3 ||     6
       Potion            |       |     3 ||     3
Armor: Scale mail        |   105 |       ||   105
       Chain mail        |       |    50 ||    50
Dodge: Dodged            |    44 |    15 ||    59
Block: Kite shield       |    69 |    72 ||   141
